 Dungeon Crawl Stone Soup version 0.31-a0-313-g785cd24033 (webtiles) character file.

Game seed: 974022205674705705

749 AdnanSaban the Cudgeller (level 7, 0/44 HPs)
             Began as a Gargoyle Fighter on July 17, 2023.
             Slain by an iguana (3 damage)
             ... on level 5 of the Dungeon.
             The game lasted 00:07:24 (4640 turns).

AdnanSaban the Cudgeller (Gargoyle Fighter)         Turns: 4640, Time: 00:07:24

Health: 0/44       AC: 17    Str: 21    XL:     7   Next: 77%
Magic:  7/7        EV:  6    Int:  9    God:
Gold:   218        SH:  4    Dex:  9    Spells: 6/6 levels left

rFire   + . .        a - +0 flail
rCold   . . .        c - +0 buckler
rNeg    + . .        w - +0 plate armour
rPois   ∞            (no helmet)
rElec   +            (no cloak)
rCorr   .            (no gloves)
SInv    .            (no boots)
Will    .....        (no amulet) Stlth
                     h - ring of protection from fire
HPRegen 0.27/turn    (no ring)
MPRegen 0.10/turn

%: no passive effects
@: no status effects
A: sickness immunity, AC +4, negative energy resistance 1, electricity
resistance, torment resistance 1, petrification resistance
a: no special abilities


You were on level 5 of the Dungeon.
You visited 1 branch of the dungeon, and saw 5 of its levels.

You collected 218 gold pieces.

Inventory:

Hand Weapons
 a - a +0 flail (weapon)
Missiles
 v - a throwing net
Armour
 c - a +0 buckler (worn)
 w - a +0 plate armour (worn)
Jewellery
 h - a ring of protection from fire (left hand)
 j - a ring of ice
Scrolls
 e - 3 scrolls of identify {unknown}
 f - a scroll of fear {unknown}
 g - a scroll of immolation {unknown}
 o - a scroll of silence {unknown}
 q - 2 scrolls of blinking {unknown}
 t - 2 scrolls of noise {unknown}
 u - a scroll of revelation {unknown}
Potions
 b - 2 potions of degeneration {unknown}
 d - a potion of might
 i - 2 potions of curing {unknown}
 l - a potion of brilliance {unknown}
 m - 2 potions of attraction {unknown}
 n - a potion of enlightenment {unknown}
 p - 2 potions of lignification {unknown}
 r - a potion of invisibility {unknown}
 s - a potion of ambrosia {unknown}


   Skills:
 + Level 5.0 Fighting
 + Level 5.9 Maces & Flails
 + Level 5.5 Armour
 + Level 4.6 Shields


You had 6 spell levels left.
You didn't know any spells.
Your spell library contained the following spells:

 Spells                   Type           Power      Damage    Failure   Level
 Conjure Ball Lightning   Conj/Air       0%         3x3d6     100%        6
 Discord                  Hex            0%         N/A       100%        8
 Disjunction              Tloc           0%         N/A       100%        8


Dungeon Overview and Level Annotations

Branches:
Dungeon (5/15)
 Temple: D:4-7

Altars:

Shops:
D:5 :


Innate Abilities, Weirdness & Mutations

You are immune to sickness and miasma.
Your stone body is resilient. (AC +4)
You are immune to poison.
You resist negative energy. (rN+)
You are resistant to electric shocks. (rElec)
You are resistant to unholy torment.
You are immune to petrification.


Message History

The gnoll bouda gazes fiercely through you!
You feel as though you will be weak longer.
The gnoll bouda hits you but does no damage.
The gnoll barely misses you.
You completely miss the gnoll bouda.
The gnoll bouda is severely wounded.
The gnoll hits you but does no damage.
The gnoll bouda hits you with a +0 club!
You hit the gnoll bouda.
The gnoll bouda is severely wounded.
The gnoll bouda hits you with a +0 club.
* * * LOW HITPOINT WARNING * * *
The gnoll hits you but does no damage.
You barely miss the gnoll bouda.
The gnoll bouda is severely wounded.
The gnoll bouda gazes fiercely through you!
You feel as though you will be weak longer.
You block the gnoll bouda's attack. The gnoll hits you but does no damage.
You hit the gnoll bouda.
The gnoll bouda is almost dead.
The gnoll hits you but does no damage.
The gnoll bouda hits you with a +0 club!
* * * LOW HITPOINT WARNING * * *
The iguana hisses angrily.
The gnoll bouda attacks as you move away!
The gnoll bouda hits you but does no damage.
The iguana hisses menacingly.
The gnoll hits you but does no damage. You block the gnoll's attack.
The gnoll bouda barks out a call to the hunt!
The gnoll picks up the pace!
Your attacks no longer feel as feeble.
The gnoll is no longer moving quickly.
The gnoll bouda barks out a call to the hunt!
The gnoll picks up the pace!
The gnoll hits you from afar with a +0 spear.
* * * LOW HITPOINT WARNING * * *
There is a stone staircase leading up here.
The iguana bites you.
You die...

###........#####..~≈≈~~~~..
........∩...g.....# ≈≈≈≈≈~≈.
..##........####.w##≈~≈≈≈~~.
. #.................~≈≈≈~$[
#......††.......+##≈≈≈~($
#...........>...# #≈≈≈~~~
#######.#.......# ##w≈≈#~
#....##w.....###.##~~.
#....@lgg.............
#...............#######.#
#...............#
#...............#
#.........#######
#.........# ###########


You could see a gnoll bouda, an iguana, a gnoll (swift) and a dart slug.

Vanquished Creatures
  A water moccasin (D:4)
  An ice beast (D:4)
  A centaur (D:4)
  2 hounds
  An orc priest (D:3)
  2 iguanas (D:4)
  3 orc wizards
  Robin (D:2)
  4 gnolls
  5 adders
  A white imp (D:4)
  3 worms
  7 dart slugs
  12 orcs
  5 ball pythons
  4 endoplasms
  4 giant cockroaches
  14 goblins
  13 hobgoblins
  5 jackals
  11 kobolds
  3 quokkas
  7 bats
  4 frilled lizards
  6 rats
120 creatures vanquished.

Vanquished Creatures (others)
  An adder (D:5)
1 creature vanquished.

Grand Total: 121 creatures vanquished

Notes
Turn   | Place    | Note
-------+----------+-------------------------------------------
     0 | D:1      | AdnanSaban the Gargoyle Fighter began the quest for the
                  | Orb.
     0 | D:1      | Reached XP level 1. HP: 14/14 MP: 1/1
   211 | D:1      | Reached XP level 2. HP: 19/19 MP: 2/2
   616 | D:1      | Reached XP level 3. HP: 23/23 MP: 3/3
  1331 | D:2      | Reached XP level 4. HP: 27/29 MP: 4/4
  1679 | D:2      | Noticed Robin
  1689 | D:2      | Killed Robin
  2136 | D:3      | Reached XP level 5. HP: 30/33 MP: 5/5
  2881 | D:4      | Reached XP level 6. HP: 33/38 MP: 6/6
  3772 | D:4      | Reached skill level 5 in Maces & Flails
  3923 | D:5      | Entered Level 5 of the Dungeon
  3923 | D:5      | Noticed a water moccasin
  3930 | D:5      | Noticed a black bear
  3949 | D:4      | Killed a water moccasin
  3950 | D:4      | Reached skill level 5 in Armour
  3950 | D:4      | Reached XP level 7. HP: 23/44 MP: 7/7
  4110 | D:5      | Found Oxoih's Book Shoppe.
  4607 | D:5      | Reached skill level 5 in Fighting
  4625 | D:5      | HP: 1/44 [gnoll bouda/+0 club (9)]
  4637 | D:5      | HP: 2/44 [gnoll/+0 spear[a gnoll bouda] (2)]
  4640 | D:5      | Slain by an iguana

Illustrated notes

Levels and vault maps discovered:
D:1:      dpeg_arrival_shrine, layout_loops_corners, minmay_split_cup_large
D:2:      layout_loops_corners, uniq_robin
D:3:      layout_basic
D:4:      layout_loops_ring
D:5:      kennysheep_slugbush, layout_basic, temple_statues, serial_shops, shop,
          uniq_crazy_yiuf_cottage

Skill      XL: |  1  2  3  4  5  6  7 |
---------------+----------------------+-----
Maces & Flails | 3 4 5 |  5.9
Armour         | 4 5 |  5.5
Shields        | 4 |  4.6
Fighting       | 4 5 |  5.0

Action                     |  1- 3 |  4- 6 |  7- 9 || total
---------------------------+-------+-------+-------++-------
  Melee: Flail             |   119 |   271 |    99 ||   489
 Armour: Scale mail        |    51 |       |       ||    51
         Chain mail        |    34 |   163 |       ||   197
         Plate armour      |       |    21 |   105 ||   126
  Dodge: Dodged            |    70 |   113 |    33 ||   216
  Block: Buckler           |    29 |    56 |    26 ||   111

Table legend: (Time is in decaauts)
 A = Elapsed time spent in this place.
 B = Non-inter-level travel time spent in this place.
 C = Inter-level travel time spent in this place.
 D = Time resting spent in this place.
 E = Time spent auto-exploring this place.
 F = Levels seen in this place.
 G = Mean time per level.
                   A        B        C        D        E       F      G
               +--------+--------+--------+--------+--------+-----+--------+
         Total |   4771 |   4472 |    299 |    393 |   2969 |   5 |  954.2 |
       Dungeon |   4771 |   4472 |    299 |    393 |   2969 |   5 |  954.2 |
               +--------+--------+--------+--------+--------+-----+--------+

Top non-repeatable levels by time:
     D:4: 1369 daAuts
     D:3: 1166 daAuts
     D:1: 1056 daAuts
     D:2: 992 daAuts
     D:5: 188 daAuts
